 Dungeon Crawl Stone Soup version 0.23.1-37-gaa34b87 (webtiles) character file.

Game seed: 18070744051914110594

135 Fang the Skirmisher (level 5, 0/33 HPs)
             Began as a Gargoyle Berserker on Mar 25, 2019.
             Was a Believer of Trog.
             Killed from afar by an orc wizard (7 damage)
             ... with a puff of flame
             ... on level 3 of the Dungeon.
             The game lasted 00:01:49 (2118 turns).

Fang the Skirmisher (Gargoyle Berserker)            Turns: 2118, Time: 00:01:49

Health: 0/33       AC:  6    Str: 22    XL:     5   Next: 18%
Magic:  5/5        EV: 12    Int:  7    God:    Trog [**....]
Gold:   172        SH:  0    Dex:  9    Spells: 4/4 levels left

rFire    . . .     SeeInvis .   p - +0 battleaxe
rCold    . . .     Gourm    .   (shield currently unavailable)
rNeg     + . .     Faith    .   b - +0 animal skin
rPois    ∞         Spirit   .   (no helmet)
rElec    +         Reflect  .   (no cloak)
rCorr    .         Harm     .   (no gloves)
MR       +....                  (no boots)
Stlth    +.........             (no amulet)
HPRegen  0.11/turn              f - ring of protection from magic
MPRegen  0.09/turn              (no ring)

@: no status effects
A: negative energy resistance 1, electricity resistance, unbreathing,
petrification resistance, rot immunity, AC +4
a: Berserk, Trog's Hand, Renounce Religion


You were on level 3 of the Dungeon.
You worshipped Trog.
Trog was pleased with you.
You were not hungry.

You visited 1 branch of the dungeon, and saw 3 of its levels.

You collected 172 gold pieces.

Inventory:

Hand Weapons
 p - a +0 battleaxe (weapon)
Armour
 b - a +0 animal skin (worn)
Jewellery
 f - a ring of protection from magic (left hand)
Scrolls
 d - 4 scrolls of identify {unknown}
 e - a scroll of fog {unknown}
 i - a scroll of amnesia {unknown}
 k - 2 scrolls of teleportation {unknown}
 l - 2 scrolls of enchant weapon {unknown}
 m - a scroll of immolation {unknown}
 o - 2 scrolls of remove curse {unknown}
Potions
 g - 3 potions of flight {unknown}
 h - a potion of magic {unknown}
 j - a potion of resistance {unknown}
Comestibles
 c - 7 rations
 n - 3 chunks of flesh


   Skills:
 + Level 4.2 Fighting
 + Level 3.4 Axes
 + Level 3.3 Armour
 + Level 2.5 Dodging


You had 4 spell levels left.
You didn't know any spells.
Your spell library was empty.

Dungeon Overview and Level Annotations

Branches:
Dungeon (3/15)

Altars:
Ashenzari


Innate Abilities, Weirdness & Mutations

You are resistant to torment.
Your stone body is resilient. (AC +4)
You are immune to poison.
You resist negative energy. (rN+)
You are resistant to electric shocks. (rElec)
You can survive without breathing.
You are immune to petrification.
You are immune to rotting.


Message History

You are too injured to fight recklessly!
You are too injured to fight recklessly!
You are too injured to fight recklessly!
You are too injured to fight recklessly!
You are too injured to fight recklessly!
You are too injured to fight recklessly!
You are too injured to fight recklessly!
You are too injured to fight recklessly!
You barely miss the orc wizard. You barely miss the orc.
You closely miss the orc. You hit the dart slug. The orc barely misses you.
The orc wizard closely misses you. The orc hits you but does no damage.
The dart slug launches a dart at you. The slug dart hits you.
You closely miss the orc wizard. You barely miss the orc.
You closely miss the orc. You hit the dart slug.
The orc hits you with a +0 short sword.
* * * LOW HITPOINT WARNING * * *
The orc wizard points at you and mumbles some strange words.
The puff of flame hits you!
You die...

### .. ..## ..##...###
.........#
.........####
.........wo....#
..##.....o@(#
###..###....o..#
####.............)# #
..##.........(...(# .#
#.##..)...........##?#
#..#.............(...#
##÷).÷..........!..###
##(÷..........##..#
###(...........#..##


You could see an orc wizard, a dart slug and 2 orcs.

Vanquished Creatures
  An orc priest (D:3)
  3 adders
  A worm (D:2)
  3 dart slugs
  2 leopard geckos (D:2)
  10 orcs (D:3)
  7 bats
  A giant cockroach (D:1)
  7 goblins
  2 hobgoblins
  4 jackals (D:1)
  A ball python (D:2)
  3 frilled lizards
  5 kobolds
  6 rats
56 creatures vanquished.

Notes
Turn   | Place    | Note
-------+----------+-------------------------------------------
     0 | D:1      | Fang the Gargoyle Berserker began the quest for the Orb.
     0 | D:1      | Reached XP level 1. HP: 14/14 MP: 1/1
   148 | D:1      | Reached XP level 2. HP: 13/19 MP: 2/2
   776 | D:1      | Reached XP level 3. HP: 23/23 MP: 3/3
   855 | D:2      | Found a shattered altar of Ashenzari.
   995 | D:2      | Reached ** piety under Trog
  1611 | D:3      | Reached skill level 4 in Fighting
  1611 | D:3      | Reached XP level 4. HP: 21/29 MP: 4/4
  1778 | D:3      | Reached XP level 5. HP: 24/33 MP: 5/5
  2118 | D:3      | Killed from afar by an orc wizard

Skill      XL: |  1  2  3 |
---------------+----------+-----
Axes           | 3 |  3.4
Dodging        | 2 |  2.5
Fighting       | 4 |  4.2
Armour         | 3 |  3.3

Action                   |  1- 3 |  4- 6 || total
-------------------------+-------+-------++-------
Melee: Hand axe          |   134 |    55 ||   189
       Battleaxe         |       |    10 ||    10
Invok: Berserk           |     1 |     1 ||     2
 Stab: Sleeping          |       |     1 ||     1
  Eat: Chunk             |     2 |     4 ||     6
Armor: Animal skin       |    50 |    46 ||    96
Dodge: Dodged            |    94 |    66 ||   160
